 Dungeon Crawl Stone Soup version 0.23-a0-448-g1c01f63 (webtiles) character file.

1813 Cricketeer the Cleaver (level 8, -1/109 HPs)
             Began as a Minotaur Berserker on Nov 20, 2018.
             Was an Elder of Trog.
             Slain by an orc warrior
             ... wielding a +0 dire flail
              (12 damage)
             ... on level 7 of the Dungeon.
             The game lasted 00:06:44 (5103 turns).

Cricketeer the Cleaver (Minotaur Berserker)         Turns: 5103, Time: 00:06:45

Health: -1/109     AC:  4    Str: 29    XL:     8   Next: 84%
Magic:  7/7        EV: 14    Int:  4    God:    Trog [****..]
Gold:   337        SH:  0    Dex: 10    Spells: 7/7 levels left

rFire    + + .     SeeInvis +   a - +0 hand axe
rCold    . . .     Gourm    .   (no shield)
rNeg     . . .     Faith    .   v - +1 leather armour of Hangman {rF++ Regen+} (curse)
rPois    .         Spirit   .   (helmet restricted)
rElec    .         Reflect  .   (no cloak)
rCorr    +         Harm     .   (no gloves)
MR       .....                  (no boots)
Stlth    ..........             (no amulet)
HPRegen  0.68/turn              j - ring of see invisible
MPRegen  0.10/turn              B - ring of resist corrosion

@: berserking, lethally poisoned (-1 -> -5), very quick
A: retaliatory headbutt, horns 2
a: Berserk, Trog's Hand, Brothers in Arms, Renounce Religion


You were on level 7 of the Dungeon.
You worshipped Trog.
Trog was greatly pleased with you.
You were hungry.

You visited 1 branch of the dungeon, and saw 7 of its levels.

You collected 337 gold pieces.

Inventory:

Hand Weapons
 a - a +0 hand axe (weapon)
Armour
 b - a +0 animal skin
 f - a +0 ring mail
 v - the cursed +1 leather armour of Hangman (worn) {rF++ Regen+}
   (You found it on level 6 of the Dungeon)

   It greatly protects you from fire.
   It increases your rate of regeneration.
   It has a curse placed upon it.
Jewellery
 j - a ring of see invisible (left hand)
 n - an uncursed ring of flight
 B - a ring of resist corrosion (right hand)
 C - an uncursed ring of magical power {unknown}
Scrolls
 d - 2 scrolls of amnesia {unknown}
 i - 2 scrolls of teleportation {unknown}
 l - 5 scrolls of remove curse {unknown}
 m - 6 scrolls of identify {unknown}
 p - 3 scrolls of enchant weapon {unknown}
 s - a scroll of blinking {unknown}
 u - a scroll of enchant armour {unknown}
 y - a scroll of fear {unknown}
 z - a scroll of immolation {unknown}
 D - a scroll of fog {unknown}
 F - a scroll of random uselessness {unknown}
 G - a scroll of holy word {unknown}
Potions
 e - a potion of lignification {unknown}
 g - 3 potions of heal wounds {unknown}
 h - 3 potions of degeneration {unknown}
 k - 4 potions of flight {unknown}
 o - a potion of might {unknown}
 q - 2 potions of berserk rage {unknown}
 r - 3 potions of haste {unknown}
 t - 2 potions of curing {unknown}
 w - a potion of brilliance {unknown}
 x - 2 potions of invisibility {unknown}
 A - a potion of resistance {unknown}
 E - a potion of agility {unknown}
Comestibles
 c - 11 rations


   Skills:
 + Level 7.1 Fighting
 * Level 9.4 Axes
 + Level 6.5 Armour
 + Level 5.9 Dodging


You had 7 spell levels left.
You didn't know any spells.
Your spell library was empty.

Dungeon Overview and Level Annotations

Branches:
Dungeon (7/15)             Temple (0/1) D:6

Altars:
Kikubaaqudgha
Nemelex Xobeh
Qazlal

Shops:
D:4 :   D:7 ?


Innate Abilities, Weirdness & Mutations

You reflexively headbutt those who attack you in melee.
You have a pair of horns on your head.


Message History

You are feeling hungry.
You feel sick. The killer bee barely misses you. You furiously retaliate!
You headbutt the killer bee!!
You kill the killer bee!
Trog accepts your kill. The orc closely misses you.
The orc warrior hits you with a +0 dire flail!!
* * * LOW HITPOINT WARNING * * *
You are too injured to fight recklessly!
You are too injured to fight recklessly!
You are too injured to fight recklessly!
You are too injured to fight recklessly!
You slash the orc!
You kill the orc!
Trog accepts your kill.
You slash the orc warrior!
You feel sick.
You closely miss the orc warrior. You headbutt the orc warrior!
The orc warrior is severely wounded.
The orc warrior hits you with a +0 dire flail!
You die...

... . ...
..#. ...
..Y##.. .....
.... #..
###o## .
#..@o#
...∩#....####
#.....†.....#
.........>..#
.....#.....##
.$.........#
..[........#
...5......(#
..........##


You could see an orc warrior, an ice beast, a crimson imp and an orc.

Vanquished Creatures
  A hippogriff (D:6)
  Menkaure (D:6)
  An ice beast (D:6)
  A phantom (D:4)
  2 ogres (D:6)
  A bullfrog (D:6)
  A water moccasin zombie (D:6)
  3 scorpions
  3 killer bees (D:7)
  3 crimson imps
  A quasit (D:5)
  2 hounds
  3 orc priests
  A bullfrog zombie (D:6)
  6 orc wizards
  A centaur skeleton (D:4)
  A bullfrog skeleton (D:5)
  An iguana (D:6)
  A hound skeleton (D:6)
  A gnoll (D:2)
  8 adders
  2 adder skeletons
  4 worms
  4 dart slugs
  5 leopard geckos
  18 orcs
  A ball python (D:4)
  3 giant cockroaches
  12 goblins
  10 hobgoblins
  4 jackals (D:4)
  6 kobolds
  A quokka (D:4)
  6 bats
  A jackal zombie (D:5)
  A leopard gecko skeleton (D:6)
  A leopard gecko zombie (D:6)
  6 rats
128 creatures vanquished.

Notes
Turn   | Place    | Note
-------+----------+-------------------------------------------
     0 | D:1      | Cricketeer the Minotaur Berserker began the quest for the
                  | Orb.
     0 | D:1      | Reached XP level 1. HP: 19/19 MP: 0/0
   161 | D:1      | Reached XP level 2. HP: 26/27 MP: 1/1
   161 | D:1      | Reached skill level 4 in Axes
   450 | D:1      | Reached ** piety under Trog
   750 | D:2      | Found an ancient bone altar of Kikubaaqudgha.
   750 | D:2      | Reached XP level 3. HP: 33/33 MP: 2/2
  1474 | D:3      | Reached XP level 4. HP: 39/40 MP: 3/3
  1742 | D:3      | Found a sparkling altar of Nemelex Xobeh.
  1931 | D:3      | Reached skill level 5 in Axes
  2201 | D:4      | Reached XP level 5. HP: 37/47 MP: 4/4
  2255 | D:4      | Noticed a phantom
  2341 | D:4      | Killed a phantom
  2527 | D:4      | Found Vuisorat's Book Shoppe.
  2727 | D:4      | Reached XP level 6. HP: 41/55 MP: 5/5
  2751 | D:4      | Reached *** piety under Trog
  2751 | D:4      | Reached skill level 5 in Fighting
  2751 | D:4      | Reached skill level 6 in Axes
  3038 | D:5      | Entered Level 5 of the Dungeon
  3112 | D:5      | Found a stormy altar of Qazlal.
  3189 | D:5      | Reached XP level 7. HP: 49/61 MP: 6/6
  3203 | D:5      | Reached skill level 7 in Axes
  3803 | D:6      | Reached skill level 5 in Armour
  3825 | D:6      | Reached skill level 8 in Axes
  3825 | D:6      | Reached XP level 8. HP: 21/70 MP: 7/7
  4164 | D:6      | Reached skill level 5 in Dodging
  4314 | D:6      | Reached **** piety under Trog
  4480 | D:6      | Noticed a hippogriff
  4486 | D:6      | Killed a hippogriff
  4486 | D:6      | Reached skill level 9 in Axes
  4488 | D:6      | Noticed Menkaure
  4501 | D:6      | Killed Menkaure
  4847 | D:6      | Found a staircase to the Ecumenical Temple.
  4875 | D:6      | Got a shimmering leather armour
  4886 | D:6      | Identified the cursed +1 leather armour of Hangman {rF++
                  | Regen+} (You found it on level 6 of the Dungeon)
  5080 | D:7      | Found Seoclod's Magic Scroll Shop.
  5103 | D:7      | Slain by an orc warrior

Vault maps used:
D:1:      tarquinn_simple_flora_water_e, bh_walls_and_bars
D:2:      minmay_spotlight, kiku_gazebo_garden_becter
D:3:      nemelex_spade_bored_becter
D:4:      first_ration, serial_shops, nicolae_shop_window_shopping,
          grunt_ministairs_3
D:5:      nicolae_qazlal_eye_of_the_storm
D:6:      minmay_temple_entry_glassed_door, uniq_menkaure
D:7:      serial_shops, shop, grunt_ogre_cave, eino_curves_04

Skill      XL: |  1  2  3  4  5  6  7  8 |
---------------+-------------------------+-----
Axes           | 4 5 6 8 9 |  9.4
Fighting       | 4 5 6 7 |  7.1
Armour         | 3 4 5 6 |  6.5
Dodging        | 3 4 5 |  5.9

Action                   |  1- 3 |  4- 6 |  7- 9 || total
-------------------------+-------+-------+-------++-------
Melee: Hand axe          |    79 |   152 |   143 ||   374
       Headbutt          |    16 |    22 |    29 ||    67
Invok: Trog's Hand       |       |     1 |     2 ||     3
       Berserk           |       |       |     4 ||     4
  Eat: Chunk             |     2 |     6 |     3 ||    11
       Ration            |       |       |     2 ||     2
Armor: Animal skin       |     6 |       |       ||     6
       Ring mail         |     7 |    41 |    38 ||    86
       Leather armour    |       |       |     3 ||     3
Dodge: Dodged            |    56 |    96 |    80 ||   232

Table legend:
 A = Non-vault XP
 B = Vault XP
 C = Vault XP percentage of total XP
 D = Non-vault monster count
 E = Vault monster count
 F = Vault count percentage of total count
                 A         B        C        D         E       F
            +---------+---------+-------+---------+---------+-------
      Total |    2334 |     257 |   9.9 |     124 |       4 |   3.1
            +---------+---------+-------+---------+---------+-------
        D:1 |      39 |       0 |   0.0 |      21 |       0 |   0.0
        D:2 |      29 |      19 |  39.6 |      12 |       2 |  14.3
        D:3 |      69 |       0 |   0.0 |      23 |       0 |   0.0
        D:4 |     263 |      66 |  20.1 |      14 |       1 |   6.7
        D:5 |     472 |       0 |   0.0 |      20 |       0 |   0.0
        D:6 |    1269 |     172 |  11.9 |      29 |       1 |   3.3
        D:7 |     193 |       0 |   0.0 |       5 |       0 |   0.0
            +---------+---------+-------+---------+---------+-------
